 Dungeon Crawl Stone Soup version 0.21.0-3-g78d12a8 (webtiles) character file.

101556 MTVSty1e the Severer (level 15, -7/141 HPs)
             Began as a Minotaur Monk on Jan 8, 2018.
             Was the Champion of Okawaru.
             Killed from afar by an ogre mage (42 damage)
             ... with a crystal spear
             ... on level 2 of the Orcish Mines.
             The game lasted 00:56:22 (27448 turns).

MTVSty1e the Severer (Minotaur Monk)               Turns: 27448, Time: 00:56:23

Health: -7/141     AC: 20    Str: 20      XL:     15   Next: 83%
Magic:  23/24      EV: 22    Int:  6 (9)  God:    Okawaru [******]
Gold:   1354       SH:  0    Dex: 20      Spells: 14/14 levels left

rFire    . . .     SeeInvis +   w - +2 executioner's axe (venom)
rCold    + . .     Gourm    .   (shield currently unavailable)
rNeg     + . .     Faith    +   M - +4 ring mail "Lefaleg" {rElec Regen+ Dex+2}
rPois    .         Spirit   .   (helmet restricted)
rElec    +         Reflect  .   (no cloak)
rCorr    .         Harm     .   e - +2 pair of gloves {Dex+3}
MR       ++...     Rnd*Tele +   y - +2 pair of boots "Echoxtime" {rC+ MR+}
Stlth    +++.......             k - amulet of faith
HPRegen  0.73/turn              N - ring of the Sunfish {rElec rN+ Int+4}
MPRegen  0.19/turn              G - ring of see invisible

@: heroism
A: retaliatory headbutt, horns 2, dopey 1, high mp 1, sense surroundings 1,
teleportitis 1
a: Heroism, Finesse, Renounce Religion


You were on level 2 of the Orcish Mines.
You worshipped Okawaru.
Okawaru was exalted by your worship.
You were not hungry.

You visited 3 branches of the dungeon, and saw 23 of its levels.
You also visited: Sewer.

You collected 1947 gold pieces.
You spent 593 gold pieces at shops.

Inventory:

Hand Weapons
 v - a +1 scimitar of flaming
 w - a +2 executioner's axe of venom (weapon)
 P - the +8 trident of Fate {holy, rF+ MR- Int+2 Dex+3 SInv, unknown}
   (You found it on level 12 of the Dungeon)

   It has been blessed by the Shining One to cause great damage to the undead
   and demons.
   It affects your intelligence (+2).
   It affects your dexterity (+3).
   It protects you from fire.
   It affects your resistance to hostile enchantments.
   It lets you see invisible.
Armour
 e - a +2 pair of gloves of dexterity (worn)
 r - a +1 plate armour
 y - the +2 pair of boots "Echoxtime" (worn) {rC+ MR+}
   (Okawaru gifted it to you on level 15 of the Dungeon)

   It protects you from cold.
   It affects your resistance to hostile enchantments.
 I - the +0 buckler of the Centipede {rF+ Str+4 Dex+5}
   (Okawaru gifted it to you on level 6 of the Lair of Beasts)

   It affects your strength (+4).
   It affects your dexterity (+5).
   It protects you from fire.
 M - the +4 ring mail "Lefaleg" (worn) {rElec Regen+ Dex+2}
   (Okawaru gifted it to you on level 6 of the Lair of Beasts)

   It affects your dexterity (+2).
   It insulates you from electricity.
   It increases your rate of regeneration.
Jewellery
 k - an amulet of faith (around neck)
 t - an uncursed amulet of the gourmand {unknown}
 B - an uncursed ring of protection from magic
 G - a ring of see invisible (right hand)
 N - the ring of the Sunfish (left hand) {rElec rN+ Int+4}
   (You bought it in a shop on level 2 of the Orcish Mines)

   [ring of positive energy]

   It affects your intelligence (+4).
   It insulates you from electricity.
   It protects you from negative energy.
Wands
 l - a wand of scattershot (5)
 m - a wand of iceblast (26)
 u - a wand of acid (31)
 A - a wand of clouds (4)
 D - a wand of disintegration (24)
 F - a wand of polymorph (34)
 L - a wand of enslavement (16)
Scrolls
 b - 2 scrolls of fear
 d - 6 scrolls of amnesia
 g - 4 scrolls of fog
 h - 5 scrolls of teleportation
 n - a scroll of blinking
 s - 5 scrolls of magic mapping
 x - 5 scrolls of remove curse
 z - 4 scrolls of enchant armour
 C - 2 scrolls of holy word
Potions
 a - a potion of cancellation {unknown}
 i - 2 potions of resistance
 j - 2 potions of haste
 o - 6 potions of curing
 p - a potion of magic
 q - a potion of ambrosia
 E - 3 potions of brilliance
 H - 2 potions of degeneration {unknown}
 K - a potion of lignification
Books
 f - a book of Air

   Spells                             Type                      Level
   a - Shock                          Conjuration/Air              1
   b - Swiftness                      Charms/Air                   2
   c - Static Discharge               Conjuration/Air              3
   d - Airstrike                      Air                          4
   e - Lightning Bolt                 Conjuration/Air              5
Comestibles
 c - 19 rations


   Skills:
 + Level 15.3(20.3) Fighting
 * Level 20.4(25.4) Axes
 + Level 13.4(18.4) Armour
 + Level 9.2(14.2) Dodging
 - Level 1.5(6.5) Stealth
 + Level 11.4 Invocations


You had 14 spell levels left.
You didn't know any spells.

Dungeon Overview and Level Annotations

Branches:
Dungeon (15/15)            Temple (0/1) D:5            Lair (6/6) D:9
  Swamp (0/4) Lair:2       Spider (0/4) Lair:4        Slime (0/5) Lair:5
    Orc (2/2) D:9             Elf (0/3) Orc:2        Vaults (0/5) D:13
 Depths (0/5) D:15

Altars:
Ashenzari
Dithmenos
Fedhas
Gozag
Okawaru
Sif Muna
Xom
Yredelemnul
Jiyva

Shops:
D:4 (   D:8 }   D:9 :   Orc:2 *!=


Innate Abilities, Weirdness & Mutations

You reflexively headbutt those who attack you in melee.
You have a pair of horns on your head.
You are dopey. (Int -2)
You have an increased reservoir of magic. (+10% MP)
You passively map a small area around you.
You are occasionally teleported next to monsters.


Message History

The two-headed ogre misses you. The ogre mage closely misses you.
The two-headed ogre hits you with a giant club!
* * * LOW HITPOINT WARNING * * *
The two-headed ogre completely misses you.
You dice the two-headed ogre like an onion!!!
You kill the two-headed ogre!
Okawaru accepts your kill.
You slice the two-headed ogre!!
The two-headed ogre is poisoned.
The ogre mage misses you.
You slash the two-headed ogre!
The two-headed ogre looks as sick as possible!
The two-headed ogre is almost dead.
The two-headed ogre closely misses you.
The two-headed ogre hits you but does no damage.
You slice the two-headed ogre!!
You kill the two-headed ogre!
Okawaru accepts your kill.
The ogre mage gestures at you while chanting.
The crystal spear hits you!
You die...

#.......#
*##.....##
#...##...###
#... ##...$###
#.... ##......##
# #...#
#........# #
##...###).###.##
# #.....)O### ##
#......))@# *
###.....)#)$.#
#...$....#.#....
#............,..
,#.............
...###.#..$....#
,, * ..#
####.....##* *
...... , *


You could see an ogre mage.

Vanquished Creatures
  Rupert (Lair:5)
  Agnes (D:14)
  A frost giant (D:15)
  Nessos (Orc:2)
  A deep elf annihilator (D:12)
  Fannar (D:11)
  A great orb of eyes (D:10)
  2 yaktaur captains
  7 hydras
  Erica (D:8)
  A catoblepas (Lair:6)
  Harold (D:12)
  5 centaur warriors
  A death knight (D:12)
  10 two-headed ogres
  A deep troll earth mage (D:12)
  A deep troll shaman (Lair:6)
  10 death yaks
  4 tengu warriors
  Urug (D:10)
  Nergalle (D:12)
  The ghost of Agrougrou the Martial Artist, a novice OpTm of Makhleb (D:8)
  4 unseen horrors
  A lindwurm (Lair:6)
  A wizard (D:15)
  The ghost of PeterMcNeter the Stinger, a novice DrVM of Vehumet (D:6)
  A deep elf mage (D:15)
  An orc sorcerer (Orc:1)
  13 ugly things
  2 cyclopes
  2 manticores
  11 black mambas
  8 elephants
  5 centaur skeletons
  12 spiny frogs
  The ghost of MDvedh the Spear-Bearer, a novice MfSk (D:5)
  A gargoyle (D:13)
  A kobold demonologist (D:15)
  A rime drake (Lair:6)
  2 efreet
  2 tengu conjurers
  5 komodo dragons
  3 yaktaurs
  A queen bee (D:12)
  A merfolk (shapeshifter) (D:12)
  3 meliai (D:12)
  2 hornets
  A polar bear (shapeshifter) (D:10)
  4 polar bears
  4 trolls
  10 slime creatures
  10 hippogriffs
  12 blink frogs
  Sigmund (D:2)
  2 centaur simulacra (D:15)
  A spriggan (D:7)
  A shadow (D:14)
  3 wyverns
  57 yaks
  A vampire (D:12)
  A wraith (D:12)
  Eustachio (D:5)
  3 hungry ghosts
  5 basilisks
  A vampire mosquito (D:12)
  3 soldier ants (D:12)
  2 wargs
  The ghost of HungrySpirit the Ducker, an amateur DEAr (D:4)
  The ghost of Plasmagod the Gusty, an amateur TeAE (D:3)
  11 water moccasins
  6 porcupines
  2 hell hounds (D:9)
  6 sky beasts
  7 black bears
  15 orc warriors
  4 phantoms
  7 ice beasts
  9 ogres
  19 wolves
  22 centaurs
  4 crocodiles
  4 big kobolds
  18 bullfrogs
  3 wyvern skeletons
  7 scorpions
  22 killer bees
  7 wights
  A howler monkey (D:10)
  An electric eel (Lair:1)
  9 crimson imps
  7 centaur zombies
  2 bullfrog zombies
  5 jellies
  2 quasits
  12 orc priests
  2 bullfrog skeletons
  5 hounds
  3 iguanas
  16 orc wizards
  13 worker ants
  A hound zombie (D:9)
  A hound skeleton (D:7)
  A worker ant zombie (D:7)
  4 gnolls (D:5)
  A howler monkey skeleton (D:5)
  14 adders
  5 river rats (Sewer)
  3 shadow imps
  An adder zombie (D:7)
  7 worms
  2 dart slugs (D:1)
  9 leopard geckos
  60 orcs
  10 giant cockroaches
  8 hobgoblins
  14 jackals
  19 kobolds
  10 quokkas
  4 ball pythons
  9 bats
  10 frilled lizards
  7 goblins
  A leopard gecko skeleton (D:8)
  13 rats
  A spectral orc (D:5)
  7 fungi
  4 plants
741 creatures vanquished.

Vanquished Creatures (others)
  A bush (Lair:6)
  5 fungi
  4 plants
10 creatures vanquished.

Grand Total: 751 creatures vanquished

Notes
Turn   | Place    | Note
-------+----------+-------------------------------------------
     0 | D:1      | MTVSty1e the Minotaur Monk began the quest for the Orb.
     0 | D:1      | Reached XP level 1. HP: 19/19 MP: 0/0
    83 | D:1      | Reached skill level 4 in Axes
    87 | D:1      | Reached XP level 2. HP: 14/27 MP: 1/1
  1008 | D:2      | Reached XP level 3. HP: 30/33 MP: 2/2
  1047 | D:2      | Found a shimmering altar of Xom.
  1244 | D:2      | Found a shimmering altar of Xom.
  1245 | D:2      | Found a shimmering altar of Xom.
  1251 | D:2      | Found a shimmering altar of Xom.
  1254 | D:2      | Reached skill level 5 in Axes
  1330 | D:2      | Noticed Sigmund
  1343 | D:2      | Killed Sigmund
  1343 | D:2      | Reached skill level 5 in Fighting
  1343 | D:2      | Reached skill level 6 in Axes
  1343 | D:2      | Reached XP level 4. HP: 30/42 MP: 3/3
  1343 | D:2      | Reached XP level 5. HP: 34/48 MP: 4/4
  1975 | D:3      | Found an iron altar of Okawaru.
  1992 | D:3      | Became a worshipper of Warmaster Okawaru
  1992 | D:3      | Reached * piety under Okawaru
  1992 | D:3      | Reached ** piety under Okawaru
  2025 | D:3      | Reached skill level 7 in Axes
  2026 | D:3      | Reached XP level 6. HP: 56/56 MP: 5/5
  2370 | D:3      | Noticed Plasmagod's ghost (amateur TeAE)
  2382 | D:3      | Killed Plasmagod's ghost
  2728 | D:3      | Found an opulent altar of Gozag.
  2728 | D:3      | Found a deep blue altar of Sif Muna.
  2899 | D:4      | Noticed HungrySpirit's ghost (amateur DEAr)
  2903 | D:4      | Found a shadowy altar of Dithmenos.
  2913 | D:4      | Killed HungrySpirit's ghost
  2913 | D:4      | Reached skill level 8 in Axes
  2913 | D:4      | Reached XP level 7. HP: 44/63 MP: 6/6
  2983 | D:4      | Reached *** piety under Okawaru
  3070 | D:4      | Found Mipres's Weapon Shoppe.
  3086 | D:4      | Found a shattered altar of Ashenzari.
  3211 | D:4      | Found a glowing drain.
  3224 | Sewer    | Entered a sewer
  3635 | D:4      | Gained mutation: You evolve. [potion of mutation]
  3635 | D:4      | Gained mutation: You have large cloven feet. [potion of mutation]
  3635 | D:4      | Gained mutation: Your mind is acute. (Int +2) [potion of mutation]
  3636 | D:4      | Lost mutation: Your mind is acute. (Int +2) [potion of mutation]
  3636 | D:4      | Lost mutation: You have large cloven feet. [potion of mutation]
  3636 | D:4      | Lost mutation: You evolve. [potion of mutation]
  3636 | D:4      | Gained mutation: You are surrounded by a mild repulsion field. (EV +2) [potion of mutation]
  3636 | D:4      | Gained mutation: Your mind is acute. (Int +2) [potion of mutation]
  3670 | D:4      | Reached skill level 9 in Axes
  4003 | D:5      | Entered Level 5 of the Dungeon
  4014 | D:5      | Noticed Eustachio
  4035 | D:5      | Found a staircase to the Ecumenical Temple.
  4046 | D:5      | Killed Eustachio
  4046 | D:5      | Reached **** piety under Okawaru
  4046 | D:5      | Reached XP level 8. HP: 73/73 MP: 7/7
  4171 | D:5      | Reached skill level 10 in Axes
  4621 | D:5      | Noticed MDvedh's ghost (novice MfSk)
  4651 | D:5      | Killed MDvedh's ghost
  4651 | D:5      | Reached skill level 11 in Axes
  4780 | D:5      | Reached ***** piety under Okawaru
  5112 | D:5      | Found a basalt altar of Yredelemnul.
  5282 | D:6      | Reached skill level 1 in Armour
  5282 | D:6      | Reached skill level 1 in Invocations
  5339 | D:6      | Noticed PeterMcNeter's ghost (novice DrVM)
  5376 | D:6      | Killed PeterMcNeter's ghost
  5376 | D:6      | Reached XP level 9. HP: 23/83 MP: 5/9
  5833 | D:6      | Received a gift from Okawaru
  5833 | D:6      | Reached skill level 12 in Axes
  7900 | D:8      | Noticed Agrougrou's ghost (novice OpTm)
  7902 | D:8      | Noticed Erica
  7926 | D:8      | Killed Erica
  7926 | D:8      | Received a gift from Okawaru
  7926 | D:8      | Reached skill level 13 in Axes
  7926 | D:8      | Reached XP level 10. HP: 48/93 MP: 9/12
  7930 | D:8      | Killed Agrougrou's ghost
  7930 | D:8      | Reached skill level 10 in Fighting
  7930 | D:8      | Reached skill level 5 in Armour
  8116 | D:8      | Found Zusytoan's Gadget Emporium.
  8415 | D:8      | Noticed a two-headed ogre
  8424 | D:8      | Killed a two-headed ogre
  8751 | D:8      | Found a shattered altar of Ashenzari.
  8987 | D:9      | Reached skill level 5 in Invocations
  8995 | D:9      | Reached skill level 14 in Axes
  9064 | D:9      | Noticed a two-headed ogre
  9076 | D:9      | Killed a two-headed ogre
  9256 | D:9      | Found Ceff's Book Boutique.
  9262 | D:9      | Reached XP level 11. HP: 94/101 MP: 14/14
  9271 | D:9      | Received a gift from Okawaru
  9348 | D:9      | Found a staircase to the Orcish Mines.
  9607 | D:9      | Found a staircase to the Lair.
 10131 | D:10     | Entered Level 10 of the Dungeon
 10137 | D:10     | Noticed Urug
 10152 | D:10     | Killed Urug
 10451 | D:10     | Reached skill level 15 in Axes
 10466 | D:10     | Noticed a centaur warrior
 10476 | D:10     | Killed a centaur warrior
 10532 | D:10     | Reached ****** piety under Okawaru
 10600 | D:10     | Killed an unseen horror
 10867 | D:10     | Noticed a great orb of eyes
 10874 | D:10     | Paralysed by a great orb of eyes for 7 turns
 10887 | D:10     | Killed a great orb of eyes
 11270 | D:10     | Noticed a two-headed ogre
 11586 | D:10     | Killed a two-headed ogre
 11586 | D:10     | Received a gift from Okawaru
 11620 | D:11     | Found a basalt altar of Yredelemnul.
 11634 | D:11     | Noticed a two-headed ogre
 11642 | D:11     | Killed a two-headed ogre
 11743 | D:11     | Reached XP level 12. HP: 59/112 MP: 16/16
 12166 | D:11     | Reached skill level 16 in Axes
 12255 | Lair:1   | Entered Level 1 of the Lair of Beasts
 12751 | Lair:1   | Got a translucent falchion
 12920 | Lair:1   | Identified the +3 falchion of Exquisite Torment {venom, Int+3} (You found it on level 1 of the Lair of Beasts)
 13508 | Lair:1   | Received a gift from Okawaru
 13511 | Lair:1   | Got a shimmering battleaxe {god gift}
 13652 | Lair:1   | Identified the +7 battleaxe of Wucaperr {pain, *Noise +Inv Dex+2} (Okawaru gifted it to you on level 1 of the Lair of Beasts)
 14708 | Lair:2   | Received a gift from Okawaru
 14855 | Lair:2   | Reached skill level 10 in Armour
 14902 | Lair:2   | Reached skill level 17 in Axes
 15191 | Lair:2   | Found a staircase to the Swamp.
 15845 | Lair:3   | Noticed an eight-headed hydra
 15856 | Lair:3   | Killed a five-headed hydra
 15856 | Lair:3   | Reached XP level 13. HP: 74/119 MP: 16/18
 16767 | Lair:4   | Found a hole to the Spider Nest.
 16782 | Lair:4   | Received a gift from Okawaru
 17811 | Lair:5   | Received a gift from Okawaru
 17857 | Lair:5   | Noticed Rupert
 17876 | Lair:5   | Killed Rupert
 17931 | Lair:5   | Reached skill level 18 in Axes
 18204 | Lair:5   | Found a viscous altar of Jiyva.
 18204 | Lair:5   | Found a staircase to the Slime Pits.
 18655 | Lair:6   | Entered Level 6 of the Lair of Beasts
 18665 | Lair:6   | Reached skill level 5 in Dodging
 18719 | Lair:6   | Lost mutation: Your mind is acute. (Int +2) [potion of mutation]
 18719 | Lair:6   | Lost mutation: You are surrounded by a mild repulsion field. (EV +2) [potion of mutation]
 18719 | Lair:6   | Gained mutation: You are occasionally teleported next to monsters. [potion of mutation]
 18719 | Lair:6   | Gained mutation: You are dopey. (Int -2) [potion of mutation]
 18719 | Lair:6   | Gained mutation: You have an increased reservoir of magic. (+10% MP) [potion of mutation]
 18719 | Lair:6   | Gained mutation: You passively map a small area around you. [potion of mutation]
 18944 | Lair:6   | Received a gift from Okawaru
 18947 | Lair:6   | Got a bloodstained buckler {god gift}
 18948 | Lair:6   | Identified the +0 buckler of the Centipede {rF+ Str+4 Dex+5} (Okawaru gifted it to you on level 6 of the Lair of Beasts)
 19073 | Lair:6   | Reached XP level 14. HP: 85/130 MP: 22/22
 19466 | Lair:6   | Reached skill level 10 in Invocations
 19949 | Lair:6   | Received a gift from Okawaru
 19952 | Lair:6   | Got a polished ring mail {god gift}
 19953 | Lair:6   | Identified the +4 ring mail "Lefaleg" {rElec Regen+ Dex+2} (Okawaru gifted it to you on level 6 of the Lair of Beasts)
 20964 | D:11     | Noticed Fannar
 20974 | D:11     | Killed Fannar
 21222 | D:12     | Noticed Nergalle
 21270 | D:12     | Reached skill level 19 in Axes
 21277 | D:12     | Killed Nergalle
 21683 | D:12     | Noticed Harold
 21697 | D:12     | Killed Harold
 22049 | D:12     | Noticed a storm dragon
 22052 | D:12     | Received a gift from Okawaru
 22926 | D:12     | Got an ichor-stained trident
 23181 | D:13     | Reached XP level 15. HP: 111/139 MP: 24/24
 23552 | D:13     | Found a viscous altar of Jiyva.
 23834 | D:13     | Found a gate to the Vaults.
 24232 | D:14     | Noticed Agnes
 24246 | D:14     | Received a gift from Okawaru
 24250 | D:14     | Killed Agnes
 24452 | D:14     | Reached skill level 15 in Fighting
 24511 | D:14     | Found a blossoming altar of Fedhas.
 24827 | D:14     | Reached skill level 20 in Axes
 25055 | D:15     | Entered Level 15 of the Dungeon
 25996 | D:15     | Found a deep blue altar of Sif Muna.
 26073 | D:15     | Found a staircase to the Depths.
 26073 | D:15     | Noticed a frost giant
 26082 | D:15     | Killed a frost giant
 26082 | D:15     | Received a gift from Okawaru
 26083 | D:15     | Got a pair of faintly humming boots {god gift}
 26264 | D:15     | Identified the +2 pair of boots "Echoxtime" {rC+ MR+} (Okawaru gifted it to you on level 15 of the Dungeon)
 26979 | Orc:1    | Entered Level 1 of the Orcish Mines
 27148 | Orc:2    | Entered Level 2 of the Orcish Mines
 27257 | Orc:2    | Found Goudam's Jewellery Boutique.
 27270 | Orc:2    | Bought the ring of the Sunfish {rElec rN+ Int+4} for 593 gold pieces
 27294 | Orc:2    | Found Heimev's Distillery.
 27295 | Orc:2    | Found Huololy's General Store.
 27309 | Orc:2    | Found a staircase to the Elven Halls.
 27419 | Orc:2    | Noticed Nessos
 27430 | Orc:2    | Killed Nessos
 27448 | Orc:2    | Killed from afar by an ogre mage

Skill      XL: |  1  2  3  4  5  6  7  8  9 10 11 12 13 14 15 |
---------------+----------------------------------------------+-----
Axes           | 4 6 7 8 9 11 13 14 15 17 18 19 20 | 20.4
Fighting       | 4 5 6 7 9 10 11 12 13 14 15 | 15.3
Armour         | 2 4 6 8 10 11 12 13 | 13.4
Invocations    | 1 4 5 7 8 9 10 11 | 11.4
Dodging        | 5 7 9 |  9.2
Stealth        | |  1.5

Action                   |  1- 3 |  4- 6 |  7- 9 | 10-12 | 13-15 || total
-------------------------+-------+-------+-------+-------+-------++-------
Melee: Hand axe          |    84 |   105 |       |       |       ||   189
       Headbutt          |    17 |    21 |    79 |   179 |   342 ||   638
       War axe           |       |    16 |   410 |   616 |   331 ||  1373
       Scimitar          |       |       |       |     7 |    33 ||    40
       Battleaxe         |       |       |       |       |   213 ||   213
       Broad axe         |       |       |       |       |   258 ||   258
       Executioner's axe |       |       |       |       |   209 ||   209
Invok: Heroism           |       |       |     4 |    10 |    14 ||    28
       Finesse           |       |       |       |       |     1 ||     1
  Use: Scroll            |       |       |    17 |    12 |    15 ||    44
       Potion            |       |       |     3 |     3 |     5 ||    11
 Stab: Sleeping          |     3 |     1 |       |       |     3 ||     7
       Petrified         |       |       |       |       |    17 ||    17
       Petrifying        |       |       |       |       |     3 ||     3
  Eat: Chunk             |     1 |       |       |       |       ||     1
       Ration            |       |     2 |     5 |     9 |    14 ||    30
Armor: Robe              |     2 |       |       |       |       ||     2
       Leather armour    |     7 |    14 |       |       |       ||    21
       Plate armour      |       |    26 |   251 |   323 |   211 ||   811
       Ring mail         |       |     9 |       |       |   250 ||   259
Dodge: Dodged            |    53 |    58 |   114 |   209 |   783 ||  1217
Block: Buckler           |       |     8 |    56 |       |   151 ||   215
       Shield            |       |       |    37 |   211 |    14 ||   262
       Rpst.: Scimitar   |       |       |       |     2 |     7 ||     9
